 Dungeon Crawl Stone Soup version 0.31-a0-358-gac0dbeb3ab (webtiles) character file.

Game seed: 11616201121381018197

49 Locuples the Trooper (level 3, -4/33 HPs)
             Began as a Minotaur Monk on July 25, 2023.
             Slain by a gnoll
             ... wielding a +0 spear
              (6 damage)
             ... on level 2 of the Dungeon.
             The game lasted 00:01:18 (952 turns).

Locuples the Trooper (Minotaur Monk)                 Turns: 952, Time: 00:01:18

Health: -4/33      AC:  2    Str: 17    XL:     3   Next: 53%
Magic:  2/2        EV: 13    Int:  7    God:
Gold:   87         SH:  0    Dex: 12    Spells: 2/2 levels left

rFire   . . .        a - +0 hand axe
rCold   . . .        d - orb {light}
rNeg    . . .        b - +0 robe
rPois   .            (helmet restricted)
rElec   .            (no cloak)
rCorr   .            (no gloves)
SInv    .            (no boots)
Will    .....        (no amulet)
Stlth   +            (no ring)
HPRegen 0.25/turn    (no ring)
MPRegen 0.08/turn

%: no passive effects
@: glowing
A: horns 2, retaliatory headbutt
a: no special abilities


You were on level 2 of the Dungeon.
You visited 1 branch of the dungeon, and saw 2 of its levels.

You collected 87 gold pieces.

Inventory:

Hand Weapons
 a - a +0 hand axe (weapon)
Armour
 b - a +0 robe (worn)
 d - an orb of light (worn)
Scrolls
 e - 3 scrolls of identify {unknown}
 f - 2 scrolls of teleportation {unknown}
Potions
 c - a potion of ambrosia
 g - a potion of invisibility {unknown}
 h - a potion of resistance {unknown}


   Skills:
 + Level 4.3 Fighting
 + Level 4.2 Axes
 + Level 4.1 Dodging


You had 2 spell levels left.
You didn't know any spells.
Your spell library was empty.

Dungeon Overview and Level Annotations

Branches:
Dungeon (2/15)

Altars:


Innate Abilities, Weirdness & Mutations

You have a pair of horns on your head.
You reflexively headbutt those who attack you in melee.


Message History

A worm comes into view.
You hit the worm but do no damage. You hit the worm.
The worm is lightly wounded.
The worm barely misses you.
You slash the worm!
The worm is moderately wounded.
The worm bites you.
You slash the worm!
You headbutt the worm, but do no damage.
The worm is almost dead.
You hit the worm.
You kill the worm!
Found a stone staircase leading up.
There is a stone staircase leading up here. 4 gnolls come into view.
The gnoll shouts! x2
There is a shaft here.
You barely miss the gnoll. Your headbutt misses the gnoll.
The gnoll barely misses you.
You hit the gnoll but do no damage. You headbutt the gnoll.
The gnoll is lightly wounded.
The gnoll completely misses you.
You hit the gnoll but do no damage. You headbutt the gnoll!
The gnoll is severely wounded.
The gnoll hits you with a +0 flail!
You hit the gnoll but do no damage. You headbutt the gnoll.
You kill the gnoll!
The gnoll barely misses you. You furiously retaliate!
You headbutt the gnoll.
The gnoll hits you from afar with a +0 spear.
Your Dodging skill increases to level 4!
You barely miss the gnoll.
The gnoll is heavily wounded.
The gnoll hits you from afar with a +0 spear.
The gnoll hits you with a +0 flail!
* * * LOW HITPOINT WARNING * * *
You slash the gnoll!
You kill the gnoll!
The gnoll hits you from afar with a +0 spear.
You die...

############.)....#.#
#######............######.#
........#################.###
.>..##### ###...#...#
...†###############...#..##.#####
.................................
....##############<.#######.....#
##### #####^.## ##.##†. #gg)@.##
#..##. .....##### ##.### .## #.#
#.# #.# #.# #.# #.# #..


You could see 2 gnolls.

Vanquished Creatures
  2 gnolls (D:2)
  An adder (D:2)
  A worm (D:2)
  A dart slug (D:2)
  3 endoplasms (D:2)
  A giant cockroach (D:1)
  A goblin (D:1)
  2 hobgoblins (D:1)
  4 kobolds
  3 quokkas (D:1)
  2 ball pythons (D:1)
  2 bats
  3 frilled lizards (D:1)
  A rat (D:2)
27 creatures vanquished.

Notes
Turn   | Place    | Note
-------+----------+-------------------------------------------
     0 | D:1      | Locuples the Minotaur Monk began the quest for the Orb.
     0 | D:1      | Reached XP level 1. HP: 19/19 MP: 0/0
   280 | D:1      | Reached XP level 2. HP: 27/27 MP: 1/1
   696 | D:2      | Reached XP level 3. HP: 22/33 MP: 2/2
   952 | D:2      | Slain by a gnoll

Illustrated notes

Levels and vault maps discovered:
D:1:      dpeg_arrival_shrine, layout_loops_ring
D:2:      layout_rooms, shapermc_ecumenical_altar_mp_highgroup, basic_altar

Skill      XL: |  1  2  3 |
---------------+----------+-----
Axes           | 4 |  4.2
Fighting       | 4 |  4.3
Dodging        | 4 |  4.1

Action                     || total
---------------------------++-------
  Melee: Hand axe          ||    54
         Headbutt          ||    17
 Armour: Robe              ||     7
  Dodge: Dodged            ||    29

Table legend: (Time is in decaauts)
 A = Elapsed time spent in this place.
 B = Non-inter-level travel time spent in this place.
 C = Inter-level travel time spent in this place.
 D = Time resting spent in this place.
 E = Time spent auto-exploring this place.
 F = Levels seen in this place.
 G = Mean time per level.
                   A        B        C        D        E       F      G
               +--------+--------+--------+--------+--------+-----+--------+
         Total |    958 |    958 |      0 |    143 |    602 |   2 |  479.0 |
       Dungeon |    958 |    958 |      0 |    143 |    602 |   2 |  479.0 |
               +--------+--------+--------+--------+--------+-----+--------+

Top non-repeatable levels by time:
     D:1: 620 daAuts
     D:2: 337 daAuts
